 Dungeon Crawl Stone Soup version 0.20.0 (webtiles) character file.

14276 Danakh the Cleaver (level 11, -2/101 HPs)
             Began as a Minotaur Fighter on May 31, 2017.
             Was a Priest of Elyvilon.
             Killed from afar by an ice dragon (36 damage)
             ... with a blast of cold
             ... on level 11 of the Dungeon.
             The game lasted 00:26:58 (10455 turns).

Danakh the Cleaver (Minotaur Fighter)              Turns: 10455, Time: 00:26:59

Health: -2/101     AC: 19    Str: 31    XL:     11   Next: 86%
Magic:  9/14       EV:  7    Int:  5    God:    Elyvilon [***...]
Gold:   677        SH: 12    Dex:  6    Spells: 10/10 levels left

rFire    + . .     SeeInvis .   S - +5 war axe
rCold    . . .     Gourm    .   c - +0 shield
rNeg     . . .     Faith    .   i - +1 plate armour {rF+}
rPois    .         Spirit   .   (helmet restricted)
rElec    .         Reflect  .   D - +0 cloak
rCorr    .         Harm     .   N - -1 pair of gloves (curse)
MR       .....                  C - +0 pair of boots
Stlth    ..........             R - amulet of inaccuracy (curse)
Regen    0.3/turn               F - -3 ring of dexterity (curse)
MPRegen  0.2/turn               x - +6 ring of strength

@: no status effects
A: retaliatory headbutt, horns 2
a: Lesser Healing, Heal Other, Purification, Divine Protection, Renounce
Religion


You were on level 11 of the Dungeon.
You worshipped Elyvilon.
Elyvilon was most pleased with you.
You were hungry.

You visited 2 branches of the dungeon, and saw 12 of its levels.
You also visited: Sewer.

You collected 677 gold pieces.

Inventory:

Hand Weapons
 S - a +5 war axe (weapon)
Armour
 c - a +0 shield (worn)
 i - a +1 plate armour of fire resistance (worn)
 C - a +0 pair of boots (worn)
 D - a +0 cloak (worn)
 N - a cursed -1 pair of gloves (worn)
Jewellery
 r - an uncursed ring of fire {unknown}
 x - a +6 ring of strength (right hand)
 F - a cursed -3 ring of dexterity (left hand)
 H - an uncursed ring of see invisible
 L - an uncursed ring of magical power {unknown}
 R - a cursed amulet of inaccuracy (around neck)
Wands
 q - a wand of paralysis (14/24)
 G - a wand of iceblast (8/15)
 M - a wand of acid (7/15)
Scrolls
 g - a scroll of enchant weapon {unknown}
 j - 2 scrolls of random uselessness {unknown}
 p - 4 scrolls of remove curse {unknown}
 s - 4 scrolls of enchant armour {unknown}
 w - 6 scrolls of teleportation {unknown}
 y - 3 scrolls of blinking {unknown}
 z - a scroll of magic mapping {unknown}
 A - 3 scrolls of fear {unknown}
 E - 5 scrolls of identify {unknown}
 I - 2 scrolls of noise {unknown}
 P - a scroll of immolation {unknown}
 Q - a scroll of recharging {unknown}
Potions
 d - 3 potions of might
 e - 3 potions of heal wounds {unknown}
 h - 3 potions of haste
 k - 2 potions of berserk rage {unknown}
 l - a potion of brilliance {unknown}
 m - 5 potions of flight {unknown}
 o - 2 potions of magic {unknown}
 t - 2 potions of degeneration {unknown}
 v - 7 potions of curing
 J - 2 potions of lignification {unknown}
Miscellaneous
 K - a phial of floods
Comestibles
 a - 2 chunks of flesh
 b - 6 meat rations
 f - 6 bread rations
 n - 6 royal jellies
 O - 3 fruits


   Skills:
 + Level 10.3 Fighting
 * Level 13.6 Axes
 + Level 10.2 Armour
 + Level 10.5 Shields
 + Level 6.4 Invocations


You had 10 spell levels left.
You didn't know any spells.

Dungeon Overview and Level Annotations

Branches:
Dungeon (11/15)            Temple (1/1) D:6            Lair (0/6) D:8
    Orc (0/2) D:11

Altars:
Ashenzari
Cheibriados
Dithmenos
Elyvilon
Fedhas
Gozag
Hepliaklqana
Kikubaaqudgha
Makhleb
Nemelex Xobeh
Okawaru
Qazlal
Ru
Sif Muna
Trog
Uskayaw
Vehumet
Xom
Yredelemnul
Zin
The Shining One

Shops:
D:6 (   D:7 *

Portals:
Ice
Cave: D:11

Annotations:
D:5 Danakh's ghost, novice MiFi


Innate Abilities, Weirdness & Mutations

You reflexively headbutt those who attack you in melee.
You have a pair of horns on your head.


Message History

The ice dragon is lightly wounded.
The ice dragon bites you but does no damage.
The ice dragon claws you! The ice dragon tramples you.
You hold your ground!
You slash the ice dragon!
You headbutt the ice dragon, but do no damage.
The ice dragon is moderately wounded.
The ice dragon breathes frost at you. The blast of cold hits you!
* * * LOW HITPOINT WARNING * * *
You are healed.
You are feeling hungry.
You block the ice dragon's attack.
The ice dragon claws you but does no damage.
The ice dragon tramples you.
* * * LOW HITPOINT WARNING * * *
You hold your ground!
You are healed.
You feel somewhat more hungry. The ice dragon breathes frost at you.
The blast of cold hits you!
You die...

##########...........
#....................
#.########.##########
#.# ### ###### #.#
#..... #.## # #.....
#..####h#... ######
###.#DYh...∩ ##@# ###
####### ### #......
#.# #######
#.##########
#...........
#...........
#...........


You could see an ice dragon, a polar bear, a yak and a wolf.

Vanquished Creatures
  3 two-headed ogres
  Nergalle (D:10)
  2 unseen horrors (D:10)
  Pikel (D:8)
  A cyclops (D:11)
  Maurice (D:8)
  Psyche (D:8)
  A polar bear (D:11)
  2 hippogriffs
  6 yaks
  Sigmund (D:3)
  A hungry ghost (D:10)
  Grum (D:9)
  A water moccasin (D:8)
  Duvessa (D:6)
  2 hell hounds (D:8)
  8 orc warriors
  2 sky beasts
  3 slaves (D:8)
  A phantom (D:10)
  2 ice beasts
  2 necrophages
  5 ogres
  6 wolves
  7 centaurs
  2 big kobolds
  7 bullfrogs
  Dowan (D:6)
  3 scorpions
  11 wights
  9 killer bees
  4 howler monkeys (D:10)
  2 crimson imps
  A quasit (D:9)
  7 orc priests
  A bullfrog skeleton (D:5)
  3 bullfrog zombies
  3 hounds
  3 jellies
  Crazy Yiuf (D:6)
  3 centaur skeletons
  10 orc wizards
  Jessica (D:6)
  3 iguanas
  7 worker ants
  3 hound zombies
  A hound skeleton (D:6)
  A worker ant zombie (D:7)
  3 howler monkey skeletons
  12 adders
  3 oozes
  An adder zombie (D:7)
  4 worms
  A dart slug (D:1)
  4 leopard geckos
  50 orcs
  5 ball pythons (Sewer)
  9 bats
  4 giant cockroaches
  5 goblins
  10 hobgoblins
  7 jackals
  2 quokkas
  6 frilled lizards
  A jackal skeleton (D:9)
  25 kobolds
  A leopard gecko skeleton (D:3)
  A leopard gecko zombie (D:7)
  A quokka skeleton (D:9)
  5 rats
  5 plants (Sewer)
314 creatures vanquished.

Vanquished Creatures (others)
  A slave (D:8)
  A plant (Sewer)
2 creatures vanquished.

Grand Total: 316 creatures vanquished

Notes
Turn   | Place    | Note
-------+----------+-------------------------------------------
     0 | D:1      | Danakh the Minotaur Fighter began the quest for the Orb.
     0 | D:1      | Reached XP level 1. HP: 19/19 MP: 0/0
    81 | D:1      | Reached XP level 2. HP: 27/27 MP: 1/1
   106 | D:1      | Reached skill level 3 in Axes
   509 | D:1      | Reached XP level 3. HP: 32/33 MP: 2/2
   644 | D:2      | Found a snail-covered altar of Cheibriados.
  1383 | D:3      | Reached skill level 4 in Axes
  1383 | D:3      | Reached XP level 4. HP: 21/40 MP: 3/3
  1627 | D:3      | Noticed Sigmund
  1641 | D:3      | Killed Sigmund
  1641 | D:3      | Reached skill level 5 in Axes
  1641 | D:3      | Reached XP level 5. HP: 41/47 MP: 4/4
  1641 | D:3      | Reached XP level 6. HP: 46/53 MP: 5/5
  1828 | D:3      | Found a shattered altar of Ashenzari.
  1838 | D:3      | Reached skill level 5 in Armour
  2011 | D:4      | Reached skill level 5 in Shields
  2026 | D:4      | Reached skill level 5 in Fighting
  2329 | D:4      | Noticed an ice beast
  2344 | D:4      | Killed an ice beast
  2344 | D:4      | Reached skill level 6 in Axes
  2344 | D:4      | Reached XP level 7. HP: 55/61 MP: 6/6
  2951 | D:5      | Entered Level 5 of the Dungeon
  3243 | D:5      | Found a glowing drain.
  3257 | Sewer    | Entered a sewer
  3695 | Sewer    | Reached skill level 7 in Axes
  4099 | D:5      | Noticed Danakh's ghost (novice MiFi)
  4494 | D:6      | Reached XP level 8. HP: 65/70 MP: 7/7
  4622 | D:6      | Found a runed door.
  4626 | D:6      | Noticed Crazy Yiuf
  4629 | D:6      | Killed Crazy Yiuf
  4629 | D:6      | Reached skill level 8 in Axes
  4743 | D:6      | Found Ulez's Antique Weapon Boutique.
  4745 | D:6      | Found a basalt altar of Yredelemnul.
  4775 | D:6      | Found a staircase to the Ecumenical Temple.
  4801 | Temple   | Entered the Ecumenical Temple
  4911 | Temple   | Became a worshipper of Elyvilon the Healer
  4997 | D:6      | Found a sparkling altar of Nemelex Xobeh.
  4997 | D:6      | Noticed Jessica
  5003 | D:6      | Killed Jessica
  5029 | D:6      | Found a stormy altar of Qazlal.
  5029 | D:6      | Found an iron altar of Okawaru.
  5328 | D:6      | Noticed Duvessa
  5328 | D:6      | Noticed Dowan
  5336 | D:6      | Killed Duvessa
  5343 | D:6      | Killed Dowan
  5343 | D:6      | Reached skill level 9 in Axes
  5457 | D:7      | Noticed a hippogriff
  5467 | D:7      | Killed a hippogriff
  5467 | D:7      | Reached XP level 9. HP: 69/79 MP: 8/8
  5503 | D:7      | Found a burning altar of Makhleb.
  5563 | D:7      | Reached * piety under Elyvilon
  5640 | D:7      | Reached skill level 1 in Invocations
  5651 | D:7      | Found Qyowk's Assorted Antiques.
  5942 | D:7      | Reached skill level 10 in Axes
  6268 | D:8      | Noticed Pikel
  6286 | D:8      | Killed Pikel
  6295 | D:8      | Found a sparkling altar of Nemelex Xobeh.
  6340 | D:8      | Reached ** piety under Elyvilon
  6393 | D:8      | Noticed Psyche
  6411 | D:8      | Killed Psyche
  6411 | D:8      | Reached XP level 10. HP: 27/88 MP: 11/11
  6623 | D:8      | Noticed a two-headed ogre
  6639 | D:8      | Killed a two-headed ogre
  6639 | D:8      | Was placed under penance by Elyvilon
  6639 | D:8      | Reached skill level 11 in Axes
  7065 | D:8      | Found a staircase to the Lair.
  7206 | D:8      | Found a hazy altar of Hepliaklqana.
  7218 | D:8      | Was forgiven by Elyvilon
  7225 | D:8      | Noticed Maurice
  7233 | D:8      | Killed Maurice
  7273 | D:8      | Found a glowing golden altar of the Shining One.
  7733 | D:9      | Noticed Grum
  7751 | D:9      | Killed Grum
  7751 | D:9      | Reached skill level 12 in Axes
  8230 | D:9      | Noticed a seven-headed hydra
  8232 | D:9      | Pacified a seven-headed hydra
  8233 | D:9      | Noticed a two-headed ogre
  8243 | D:9      | Killed a two-headed ogre
  8243 | D:9      | Reached XP level 11. HP: 30/97 MP: 9/13
  8362 | D:10     | Entered Level 10 of the Dungeon
  8367 | D:10     | Reached skill level 5 in Invocations
  8789 | D:10     | Noticed a two-headed ogre
  8810 | D:9      | Killed a two-headed ogre
  9171 | D:10     | Killed an unseen horror
  9217 | D:10     | Reached skill level 13 in Axes
  9246 | D:10     | Killed an unseen horror
  9246 | D:10     | Reached skill level 10 in Fighting
  9246 | D:10     | Reached skill level 10 in Armour
  9246 | D:10     | Reached skill level 10 in Shields
  9590 | D:10     | Noticed Nergalle
  9612 | D:10     | Killed Nergalle
  9664 | D:10     | Identified the Grimoire of Beguiling and Boosts
  9864 | D:11     | Found a staircase to the Orcish Mines.
 10136 | D:11     | Reached *** piety under Elyvilon
 10422 | D:11     | Found a frozen archway.
 10424 | D:11     | Noticed an ice dragon
 10455 | D:11     | Killed from afar by an ice dragon

Skill      XL: |  1  2  3  4  5  6  7  8  9 10 11 |
---------------+----------------------------------+-----
Axes           | 3 4 5 6 7 9 10 12 13 | 13.6
Shields        | 4 5 6 7 8 9 10 | 10.5
Armour         | 4 5 6 7 8 9 10 | 10.2
Fighting       | 4 5 6 7 8 9 10 | 10.3
Invocations    | 3 4 6 |  6.4

Action                   |  1- 3 |  4- 6 |  7- 9 | 10-12 || total
-------------------------+-------+-------+-------+-------++-------
Melee: War axe           |   103 |    81 |   412 |   381 ||   977
       Headbutt          |    14 |    17 |    88 |    79 ||   198
Invok: Heal Other        |       |       |       |     4 ||     4
       Divine Protection |       |       |       |     1 ||     1
       Lesser Healing    |       |       |       |     2 ||     2
  Eat: Chunk             |       |     4 |    14 |    12 ||    30
       Royal jelly       |       |       |       |     2 ||     2
       Fruit             |       |       |       |     1 ||     1
Armor: Scale mail        |    11 |       |       |       ||    11
       Plate armour      |    52 |    53 |   194 |   270 ||   569
Dodge: Dodged            |    29 |    14 |    92 |   112 ||   247
Block: Shield            |    71 |    58 |   226 |   282 ||   637
